 Dungeon Crawl Stone Soup version 0.17-a0-946-g1856e96 (webtiles) character file.

58 FedoraBrony69 the Conjurer (level 3, -8/19 HPs)
             Began as a Deep Elf Conjurer on May 6, 2015.
             Was an Initiate of Kikubaaqudgha.
             Mangled by Crazy Yiuf
             ... wielding a +4 quarterstaff of chaos
              (17 damage)
             ... on level 2 of the Dungeon.
             The game lasted 00:03:22 (1545 turns).

FedoraBrony69 the Conjurer (Deep Elf Conjurer)      Turns: 1545, Time: 00:03:22

Health: -8/19      AC:  2    Str:  5    XL:     3   Next: 76%
Magic:  16/20      EV: 13    Int: 20    God:    Kikubaaqudgha [......]
Gold:   169        SH:  0    Dex: 15    Spells: 1 memorised, 10 levels left

rFire  . . .     SeeInvis .     g - +2 dagger (speed)
rCold  . . .     Clarity  .     a - +0 robe
rNeg   . . .     SustAb   .     (no shield)
rPois  .         Gourm    .     (no helmet)
rElec  .         Spirit   .     (no cloak)
rCorr  .         Warding  .     (no gloves)
rMut   +         Stasis   .     (no boots)
MR     +....                    k - amulet of resist mutation
Stlth  ++........               o - ring of magical power
                                m - ring of protection from magic

@: lethally poisoned (-8 -> -15), somewhat resistant to hostile enchantments,
unstealthy
A: no striking features
a: Renounce Religion


You were on level 2 of the Dungeon.
You worshipped Kikubaaqudgha.
Kikubaaqudgha was noncommittal.
You were not hungry.

You visited 1 branch of the dungeon, and saw 2 of its levels.

You collected 169 gold pieces.

Inventory:

Hand weapons
 d - a +0 club
 g - a +2 dagger of speed (weapon)
Armour
 a - a +0 robe (worn)
Jewellery
 k - an amulet of resist mutation (around neck)
 m - a ring of protection from magic (left hand)
 o - a ring of magical power (right hand)
Magical devices
 n - a wand of frost (3)
Scrolls
 f - a scroll of identify {unknown}
 h - 3 scrolls of noise {unknown}
 j - a scroll of magic mapping {unknown}
 s - a scroll of random uselessness {unknown}
 u - a scroll of recharging {unknown}
Potions
 e - a potion of cancellation {unknown}
 l - a potion of brilliance {unknown}
 q - 2 potions of poison {unknown}
Books
 b - a book of Conjurations

   Spells                             Type                      Level
   a - Magic Dart                     Conjuration                  1
   b - Searing Ray                    Conjuration                  2
   c - Dazzling Spray                 Conjuration/Hexes            3
   d - Fulminant Prism                Conjuration/Hexes            4
   e - Iskenderun's Mystic Blast      Conjuration                  4
   f - Iskenderun's Battlesphere      Conjuration/Charms           5
Comestibles
 c - 2 bread rations
 i - a beef jerky
 p - 2 meat rations
 r - a chunk of flesh
 t - a royal jelly


   Skills:
 - Level 2.4 Dodging
 - Level 2.4 Stealth
 + Level 4.5 Spellcasting
 + Level 5.2 Conjurations


You had 10 spell levels left.
You knew the following spells:

 Your Spells              Type           Power        Failure   Level  Hunger
a - Magic Dart            Conj           ####         1%          1    None


Dungeon Overview and Level Annotations

Branches:
Dungeon (2/15)

Altars:
Kikubaaqudgha
Trog

Annotations:
D:2 Crazy Yiuf


Message History

Press: ? - help, Shift-Dir - straight line, f/p - Crazy Yiuf
Aim: Crazy Yiuf, wielding a quarterstaff of chaos and wearing a runed cloak (moderately wounded)
The magic dart hits Crazy Yiuf.
Crazy Yiuf is heavily wounded.
Crazy Yiuf hits you with a quarterstaff of chaos!
You are poisoned.
Unknown command.
You feel sick.
You feel sick.
Casting: Magic Dart
Confirm with . or Enter, or press ? or * to list all spells.
Aiming: Magic Dart
Press: ? - help, Shift-Dir - straight line, f/p - Crazy Yiuf
Aim: Crazy Yiuf, wielding a quarterstaff of chaos and wearing a runed cloak (heavily wounded)
The magic dart hits Crazy Yiuf.
Crazy Yiuf is severely wounded.
Crazy Yiuf hits you with a quarterstaff of chaos!
Ouch! That really hurt!
You die...
Kikubaaqudgha rasps: "You have failed me!
Welcome... death!"

#.# #..# #....# #.# #..#
#.#### #.# #..# #.# #.#
#..# #.# #.# #### ###
#.# ##.### #######
....>######...#.### ###
............#P.#@g##...#
............PP####.'...#
.....####.#.P## ###..)#
..........#### ###
.....###### .....#
##..## #### #..# ####..#
#..# ##.....#


You could see Crazy Yiuf.

Vanquished Creatures
  2 adders (D:2)
  9 goblins
  6 hobgoblins
  6 jackals
  A quokka (D:2)
  3 bats
  2 giant cockroaches
  7 giant newts
  2 kobolds (D:1)
  2 rats (D:1)
  A fungus (D:2)
41 creatures vanquished.

Notes
Turn   | Place    | Note
--------------------------------------------------------------
     0 | D:1      | FedoraBrony69, the Deep Elf Conjurer, began the quest for the Orb.
     0 | D:1      | Reached XP level 1. HP: 10/10 MP: 6/6
   161 | D:1      | Reached XP level 2. HP: 15/15 MP: 1/8
   905 | D:2      | Reached skill level 5 in Conjurations
   910 | D:2      | Reached XP level 3. HP: 6/19 MP: 1/10
  1357 | D:2      | Found an ancient bone altar of Kikubaaqudgha.
  1389 | D:2      | Became a worshipper of Kikubaaqudgha
  1401 | D:2      | Found a bloodstained altar of Trog.
  1538 | D:2      | Noticed Crazy Yiuf
  1545 | D:2      | Mangled by Crazy Yiuf

Action                   || total
-------------------------++-------
Melee: Dagger            ||    20
       Club              ||     1
 Cast: Magic Dart        ||    77
  Eat: Chunk             ||     2
